 Dungeon Crawl Stone Soup version 0.29-a0-222-g5b244fca1f (webtiles) character file.

Game seed: 16072017067404794483

1504 Crownlay the Digger (level 8, -3/41 HPs)
             Began as a Gargoyle Earth Elementalist on Feb 27, 2022.
             Was an Initiate of Vehumet.
             Slain by a boulder beetle (25 damage)
             ... on level 7 of the Dungeon.
             The game lasted 00:12:39 (7514 turns).

Crownlay the Digger (Gargoyle Earth Elementalist)   Turns: 7514, Time: 00:12:40

Health: -3/41      AC:  9    Str: 13    XL:     8   Next: 82%
Magic:  12/18      EV: 11    Int: 17    God:    Vehumet [......]
Gold:   230        SH:  0    Dex: 10    Spells: 15/21 levels left

rFire   . . .      SeeInvis +   i - +0 hunting sling
rCold   . . .      Faith    .   (no shield)
rNeg    + . .      Spirit   .   b - +0 robe
rPois   ∞          Reflect  .   (no helmet)
rElec   +          Harm     .   f - +0 cloak
rCorr   .          Rampage  .   (no gloves)
Will    .....                   t - +0 pair of boots
Stlth   ++........              (no amulet)
HPRegen 0.13/turn               l - ring of see invisible
MPRegen 0.16/turn               a - ring of wizardry

@: no status effects
A: sickness immunity, AC +5, negative energy resistance 1, electricity
resistance, torment resistance 1, petrification resistance
a: Renounce Religion


You were on level 7 of the Dungeon.
You worshipped Vehumet.
Vehumet was noncommittal.
You visited 2 branches of the dungeon, and saw 8 of its levels.

You collected 230 gold pieces.

Inventory:

Hand Weapons
 i - a +0 hunting sling (weapon)
 o - a +1 whip of venom
Missiles
 s - 73 stones
Armour
 b - a +0 robe (worn)
 f - a +0 cloak (worn)
 k - a +0 kite shield
 t - a +0 pair of boots (worn)
Jewellery
 a - a ring of wizardry (right hand)
 l - a ring of see invisible (left hand)
 E - the ring of Baevay {rN+ Stlth+}
   (You found it on level 6 of the Dungeon)

   [ring of positive energy]

   rN:        It protects you from negative energy.
   Stlth:     It makes you more stealthy.
Wands
 n - a wand of polymorph (3)
 y - a wand of iceblast (5)
 D - a wand of acid (9)
 F - a wand of digging (4)
Scrolls
 e - 5 scrolls of identify {unknown}
 g - 2 scrolls of enchant weapon {unknown}
 h - a scroll of brand weapon {unknown}
 j - a scroll of vulnerability {unknown}
 p - a scroll of fear {unknown}
 q - a scroll of magic mapping {unknown}
 u - a scroll of teleportation {unknown}
 v - a scroll of torment {unknown}
 A - a scroll of enchant armour {unknown}
Potions
 c - 3 potions of degeneration {unknown}
 d - a potion of flight {unknown}
 m - a potion of invisibility {unknown}
 r - a potion of ambrosia {unknown}
 w - a potion of cancellation {unknown}
 x - a potion of attraction {unknown}
 z - a potion of lignification {unknown}
 B - a potion of might
 C - a potion of curing {unknown}
 G - a potion of mutation {unknown}


   Skills:
 - Level 1.5 Dodging
 - Level 2.1 Stealth
 + Level 4.7 Shields
 * Level 7.0 Spellcasting
 + Level 2.6 Summonings
 - Level 0.7 Transmutations
 * Level 7.4 Earth Magic


You had 15 spell levels left.
You knew the following spells:

 Your Spells              Type           Power      Damage    Failure   Level
a - Sandblast             Erth           62%        2d14      1%          1
b - Passwall              Tmut/Erth      15%        N/A       1%          2
c - Stone Arrow           Conj/Erth      36%        3d9       3%          3

Your spell library contained the following spells:

 Spells                   Type           Power      Damage    Failure   Level
 Beastly Appendage        Tmut           16%        N/A       3%          1
 Wereblood                Tmut           8%         N/A       5%          2
 Scorch                   Fire           10%        2d6       7%          2
 Petrify                  Tmut/Erth      19%        N/A       9%          4
 Spider Form              Tmut/Pois      7%         N/A       12%         3
 Summon Lightning Spire   Summ/Air       10%        N/A       26%         4
 Flame Wave               Conj/Fire      5%         2d5       41%         4
 Summon Cactus Giant      Summ           7%         N/A       91%         6
 Storm Form               Tmut/Air       3%         N/A       100%        7
 Maxwell's Capacitive Co  Air            2%         ∞         100%        8


Dungeon Overview and Level Annotations

Branches:
Dungeon (7/15)             Temple (1/1) D:5

Altars:
Ashenzari
Dithmenos
Fedhas
Gozag
Hepliaklqana
Makhleb
Qazlal
Trog
Uskayaw
Vehumet
Wu Jian
Yredelemnul
Zin
The Shining One

Shops:
D:6 *

Annotations:
D:2 Terence


Innate Abilities, Weirdness & Mutations

You are immune to sickness and miasma.
Your stone body is resilient. (AC +5)
You are immune to poison.
You resist negative energy. (rN+)
You are resistant to electric shocks. (rElec)
You are resistant to unholy torment.
You are immune to petrification.


Message History

The white imp gestures at you. The puff of frost misses you.
You can't see any susceptible monsters within range! (Use Z to cast anyway.)
You can't see any susceptible monsters within range! (Use Z to cast anyway.)
You shoot a sling bullet.
The sling bullet barely misses the white imp.
The stone arrow misses the white imp.
The stone arrow misses the white imp.
The stone arrow misses the white imp.
The white imp hits you but does no damage.
The stone arrow hits the white imp!
You kill the white imp!
Vehumet accepts your kill.
You can't see any susceptible monsters within range! (Use Z to cast anyway.)
e - 5 scrolls labelled CAAPICRUYRI (gained 1)
A boulder beetle comes into view.
The stone arrow hits the boulder beetle but does no damage.
The stone arrow hits the boulder beetle.
The boulder beetle is lightly wounded.
Aiming: Corrosive Bolt
Press: ? - help, Shift-Dir - straight line, f/p - boulder beetle
Aim: a boulder beetle (lightly wounded, 100% to hit)
The bolt of acid hits the boulder beetle!
The boulder beetle is lightly wounded.
The boulder beetle curls into a ball and begins rolling!
Aiming: Corrosive Bolt
Press: ? - help, Shift-Dir - straight line, f/p - boulder beetle
Aim: a boulder beetle (lightly wounded, rolling, 100% to hit)
The bolt of acid hits the boulder beetle but does no damage.
The boulder beetle is lightly wounded.
The boulder beetle hits you!!
The boulder beetle stops rolling and uncurls.
Aiming: Corrosive Bolt
Press: ? - help, Shift-Dir - straight line, f/p - boulder beetle
Aim: a boulder beetle (lightly wounded, 100% to hit)
The bolt of acid hits the boulder beetle but does no damage.
The boulder beetle is lightly wounded.
The boulder beetle bites you!!
Ouch! That really hurt!
You die...

.....##.# .##..##.#
#... .....##.# #..##
.##.###.# ##...## #
###.# #.## #.....# ..
###.# #..# #.....#.#
....####.# .......
####.###.# #...#
###...##.#######@B.#
..................°#
###..)...######.###°#
##.#.### #..# .#
###.# #...# # #.#
#..... #.# ##..###
#(# .## #.# ##


You could see a boulder beetle.

Vanquished Creatures
  Sigmund (D:3)
  2 sky beasts
  An ogre (D:6)
  2 black bears
  A necrophage (D:5)
  A centaur (D:5)
  A kobold brigand (D:5)
  2 scorpions
  A howler monkey (D:4)
  Crazy Yiuf (D:3)
  3 hounds
  An orc priest (D:4)
  Ijyb (D:3)
  Natasha (thrice) (D:2 D:4)
  2 orc wizards
  9 adders
  2 shadow imps (D:6)
  A white imp (D:7)
  An ufetubus (D:3)
  A dart slug (D:1)
  14 orcs
  A ball python (D:1)
  4 bats
  4 endoplasms
  3 giant cockroaches
  6 goblins
  8 hobgoblins
  11 jackals
  13 kobolds
  3 quokkas
  5 frilled lizards
  8 rats
117 creatures vanquished.

Notes
Turn   | Place    | Note
-------+----------+-------------------------------------------
     0 | D:1      | Crownlay the Gargoyle Earth Elementalist began the quest
                  | for the Orb.
     0 | D:1      | Reached XP level 1. HP: 10/10 MP: 3/3
   105 | D:1      | Reached XP level 2. HP: 3/15 MP: 0/5
   994 | D:1      | Found a faded altar of an unknown god.
  1137 | D:1      | Reached XP level 3. HP: 19/19 MP: 7/7
  1534 | D:2      | Learned a level 2 spell: Passwall
  1538 | D:2      | Learned a level 3 spell: Stone Arrow
  1722 | D:2      | Found a basalt altar of Yredelemnul.
  1739 | D:2      | Reached XP level 4. HP: 24/24 MP: 9/9
  2046 | D:2      | Noticed Natasha
  2049 | D:2      | Killed Natasha
  2190 | D:2      | Found a burning altar of Makhleb.
  2222 | D:2      | Reached XP level 5. HP: 28/28 MP: 8/10
  2272 | D:2      | Noticed Terence
  2316 | D:2      | Noticed Natasha
  2320 | D:2      | Killed Natasha
  2321 | D:2      | Reached skill level 1 in Shields
  2494 | D:2      | Noticed Natasha
  2668 | D:3      | Noticed Ijyb
  2703 | D:3      | Killed Ijyb
  2704 | D:3      | Reached skill level 5 in Earth Magic
  3012 | D:3      | Noticed Sigmund
  3044 | D:3      | Killed Sigmund
  3045 | D:3      | Reached XP level 6. HP: 9/32 MP: 3/13
  3301 | D:3      | Noticed a black bear
  3308 | D:3      | Killed a black bear
  3309 | D:3      | Reached skill level 5 in Spellcasting
  3309 | D:3      | Reached XP level 7. HP: 32/36 MP: 9/14
  3671 | D:3      | Found a runed translucent door.
  3672 | D:3      | Noticed Crazy Yiuf
  3920 | D:3      | Killed Crazy Yiuf
  4513 | D:4      | Killed Natasha
  4843 | D:4      | Reached skill level 1 in Summonings
  4974 | D:5      | Entered Level 5 of the Dungeon
  5191 | D:5      | Reached XP level 8. HP: 41/41 MP: 7/17
  6064 | D:5      | Found a staircase to the Ecumenical Temple.
  6071 | Temple   | Entered the Ecumenical Temple
  6217 | Temple   | Became a worshipper of Vehumet
  6817 | D:6      | Found an ornate altar of the Wu Jian Council.
  6849 | D:6      | Identified the ring of Baevay {rN+ Stlth+}
  6913 | D:6      | Found Wiqu's Gadget Gallery.
  6979 | D:6      | Found a stormy altar of Qazlal.
  7509 | D:7      | Noticed a boulder beetle
  7514 | D:7      | Slain by a boulder beetle

Illustrated notes

Levels and vault maps discovered:
D:1:      kennysheep_arrival_seaside, layout_basic,
          shapermc_ecumenical_altar_mp_ritualfount
D:2:      layout_loops_cross, basic_altar, minmay_hexomino_r4, uniq_terence,
          uniq_natasha
D:3:      layout_basic, minmay_misc_feat_more_columns, uniq_crazy_yiuf_cottage,
          uniq_sigmund, uniq_ijyb
D:4:      layout_rooms, interstate_on_off, chequers_garden
D:5:      cheibrodos_thug_alley, layout_loops_cross,
          minmay_temple_entry_nine_rooms
D:6:      nicolae_cairo_tiling_large_dashed, layout_cave_pools,
          nicolae_qazlal_general_emergency, mainiacjoe_overflow_tiny_flanked,
          minmay_misc_feat_chi, nicolae_shop_gadgets
D:7:      cheibrodos_wizards_tower, layout_loops_corners, lemuel_doored_altar,
          serial_bayou_pond_d, kb_rosetta
Temple:   hc_temple_tempest_star

Skill      XL: |  1  2  3  4  5  6  7  8 |
---------------+-------------------------+-----
Earth Magic    | 4 5 6 7 |  7.4
Spellcasting   | 3 4 5 6 7 |  7.0
Shields        | 2 3 4 |  4.7
Summonings     | 1 2 |  2.6
Dodging        | |  1.5
Stealth        | |  2.1
Transmutations | |  0.7

Action                   |  1- 3 |  4- 6 |  7- 9 || total
-------------------------+-------+-------+-------++-------
Melee: Spear             |   118 |       |       ||   118
       Unarmed           |       |    32 |       ||    32
       Whip              |       |     4 |    12 ||    16
 Fire: Hunting sling     |    12 |    65 |    75 ||   152
 Cast: Sandblast         |    10 |    29 |    41 ||    80
       Stone Arrow       |       |       |    58 ||    58
Evoke: Wand              |       |       |     3 ||     3
  Use: Scroll            |       |       |     1 ||     1
 Stab: Sleeping          |     6 |       |       ||     6
Armor: Robe              |    44 |    24 |    35 ||   103
       Skin              |       |     3 |       ||     3
Dodge: Dodged            |    62 |    70 |    48 ||   180

Table legend: (Time is in decaauts)
 A = Elapsed time spent in this place.
 B = Non-inter-level travel time spent in this place.
 C = Inter-level travel time spent in this place.
 D = Time resting spent in this place.
 E = Time spent auto-exploring this place.
 F = Levels seen in this place.
 G = Mean time per level.
                   A        B        C        D        E       F      G
               +--------+--------+--------+--------+--------+-----+--------+
         Total |   7611 |   7308 |    303 |    134 |   6108 |   8 |  951.4 |
       Dungeon |   7437 |   7161 |    276 |    134 |   5980 |   7 | 1062.4 |
        Temple |    173 |    146 |     27 |      0 |    128 |   1 |  173.0 |
               +--------+--------+--------+--------+--------+-----+--------+

Top non-repeatable levels by time:
     D:3: 1795 daAuts
     D:2: 1283 daAuts
     D:1: 1278 daAuts
     D:5: 1268 daAuts
     D:6: 846 daAuts
     D:4: 684 daAuts
     D:7: 281 daAuts
  Temple: 173 daAuts
